 Dungeon Crawl Stone Soup version 0.28-a0-2-g643f2454ad (webtiles) character file.

Game seed: 18078412508669902617

2310 Sobieck the Magician (level 9, 0/45 HPs)
             Began as a Deep Elf Fire Elementalist on July 22, 2021.
             Was a Follower of Sif Muna.
             Slain by an unseen horror (2 damage)
             ... on level 6 of the Dungeon.
             The game lasted 00:15:35 (7334 turns).

Sobieck the Magician (Deep Elf Fire Elementalist)   Turns: 7334, Time: 00:15:35

Health: 0/45       AC:  5    Str: 12    XL:     9   Next: 18%
Magic:  18/22      EV: 13    Int: 29    God:    Sif Muna [*.....]
Gold:   50         SH:  0    Dex: 21    Spells: 16/23 levels left

rFire   . . .      SeeInvis .   y - +9 whip of the Ghost {flame, Str+3, mace}
rCold   . . .      Faith    .   (no shield)
rNeg    . . .      Spirit   .   a - +0 robe
rPois   .          Reflect  .   (no helmet)
rElec   .          Harm     .   E - scarf {shadows}
rCorr   .          Rampage  .   I - +1 pair of gloves {Str+3}
Will    .....                   A - +0 pair of boots "Ugaff" {Int+6}
Stlth   ++++......              (no amulet)
HPRegen 0.15/turn               e - +6 ring of dexterity
MPRegen 0.18/turn               (no ring)

@: hasted, very quick
A: no striking features
a: Renounce Religion, Channel Magic


You were on level 6 of the Dungeon.
You worshipped Sif Muna.
Sif Muna was aware of your devotion.
You visited 1 branch of the dungeon, and saw 6 of its levels.

You collected 267 gold pieces.
You spent 217 gold pieces at shops.


   Skills:
 - Level 3.0 Maces & Flails
 - Level 2.4 Dodging
 - Level 6.0 Stealth
 + Level 7.8 Spellcasting
 - Level 6.0 Conjurations
 - Level 3.0 Translocations
 - Level 7.0 Fire Magic
 + Level 3.8 Invocations


You had 16 spell levels left.
You knew the following spells:

 Your Spells              Type           Power      Damage    Failure   Level
a - Foxfire               Conj/Fire      100%       2x1d9     1%          1
b - Sticky Flame          Conj/Fire      49%        2d7       3%          4
c - Blink                 Tloc           N/A        N/A       1%          2

Your spell library contained the following spells:

 Spells                   Type           Power      Damage    Failure   Level
 Conjure Flame            Conj/Fire      49%        6-21      1%          3
 Inner Flame              Hex/Fire       31%        N/A       3%          3
 Slow                     Hex            11%        N/A       7%          2
 Fireball                 Conj/Fire      24%        3d11      9%          5
 Iskenderun's Battlesphe  Conj           46%        2d10      11%         5
 Confusing Touch          Hex            11%        N/A       14%         3
 Vampiric Draining        Necr           5%         2d6       14%         3
 Iron Shot                Conj/Erth      14%        9d4       91%         6
 Spellforged Servitor     Conj/Summ      14%        N/A       100%        7

Inventory:

Hand Weapons
 b - a +0 club {mace}
   (You took it off a goblin on level 1 of the Dungeon)
 c - a +0 club {mace}
   (You took it off a gnoll on level 1 of the Dungeon)
 h - a +0 short sword {short}
   (You took it off a kobold on level 2 of the Dungeon)
 m - a +0 falchion of freezing {long}
   (You took it off an orc on level 2 of the Dungeon)
 w - a +2 war axe of electrocution {axe}
   (You found it on level 5 of the Dungeon)
 y - the +9 whip of the Ghost (weapon) {flame, Str+3, mace}
   (You found it on level 5 of the Dungeon)

   It burns those it strikes, dealing additional fire damage.
   Str:       It affects your strength (+3).
 H - the +8 longbow of Rotten Prudence {vorpal, Str+3, bow}
   (You took it off an orc on level 6 of the Dungeon)

   Any ammunition fired from it inflicts extra damage upon your enemies.
   Str:       It affects your strength (+3).
Missiles
 f - 149 stones {throwing}
 k - 14 poisoned darts {throwing}
 o - 67 arrows
 t - 22 bolts
 x - 8 boomerangs {throwing}
 C - 5 boomerangs of dispersal {=f!fthrowing}
 D - 3 silver boomerangs {throwing}
Armour
 a - a +0 robe (worn)
 n - a +0 leather armour of poison resistance
   (You took it off an orc on level 2 of the Dungeon)
 p - a +0 ring mail of fire resistance
   (You found it on level 2 of the Dungeon)
 u - a +0 pair of gloves
   (You found it on level 3 of the Dungeon)
 A - the +0 pair of boots "Ugaff" (worn) {Int+6}
   (You found it on level 5 of the Dungeon)

   Int:       It affects your intelligence (+6).
 E - a scarf of shadows (worn)
   (You found it on level 5 of the Dungeon)
 I - a +1 pair of gloves of strength (worn)
   (You bought it in a shop on level 6 of the Dungeon)
Magical Staves
 F - a staff of earth {!astaff}
   (You found it on level 6 of the Dungeon)
Jewellery
 e - a +6 ring of dexterity (left hand)
   (You found it on level 1 of the Dungeon)
 g - an amulet of the acrobat
   (You found it on level 1 of the Dungeon)
 l - a ring of resist corrosion
   (You took it off a kobold on level 2 of the Dungeon)
Wands
 v - a wand of flame (17)
   (You found it on level 4 of the Dungeon)
 z - a wand of digging (4)
   (You found it on level 5 of the Dungeon)
 B - a wand of iceblast (3)
   (You found it on level 5 of the Dungeon)
Scrolls
 i - 2 scrolls of teleportation {@r4}
 j - a scroll of fear
 q - 2 scrolls of immolation {!r!r}
 r - 2 scrolls of enchant weapon
Potions
 s - a potion of might
 G - a potion of mutation {!q}

Dungeon Overview and Level Annotations

Branches:
Dungeon (6/15)             Temple (0/1) D:5

Altars:
Sif Muna
Trog
Xom
Yredelemnul

Shops:
D:6

[** §......#.......##.........
##.... ##....###.......#..>......
...... ...##..#......... ......
#..... ..............#.
###......<#.....
..............#.. .............##
###.............# #..............
.≈####......##..###..............
.≈# ###........##...............
.≈# #........@................
.≈# #.....[..##.............<.
≈≈# #.#....##....##.............
##+ ...........####....... .....
##.............#....... ....
###........#......#... ....
####.##.##..#...###. ....
############## #... ###


There were no monsters in sight!


Message History

You lost 1 mp, and now have 17/22 mp.
You conjure some foxfire!
The foxfire hits the centaur warrior zombie but does no damage.
The foxfire hits the centaur warrior zombie. x4
You conjure some foxfire!
The foxfire hits the centaur warrior zombie. 😎 MP[-1]
You lost 1 mp, and now have 16/22 mp.
You conjure some foxfire!
The foxfire hits the centaur warrior zombie. x2
The foxfire hits the centaur warrior zombie but does no damage.
The foxfire hits the centaur warrior zombie. 😎 MP[-1]
You lost 1 mp, and now have 15/22 mp.
You conjure some foxfire!
The foxfire hits the centaur warrior zombie! 😎 MP[-1]
You lost 1 mp, and now have 14/22 mp.
Casting: Foxfire (safe; 1% risk of failure)
Confirm with . or Enter, or press ? or * to list all spells.
Aiming: Sticky Flame (dangerous; 3% risk of failure)
Press: ? - help, Shift-Dir - straight line, f - centaur warrior zombie
Aim: a centaur warrior zombie (severely damaged, ally target, 100% to hit)
The sticky flame hits the centaur warrior zombie!
The centaur warrior zombie is covered in liquid flames!
The centaur warrior zombie burns!
The foxfire hits the centaur warrior zombie! x2
You destroy the centaur warrior zombie!
Sif Muna accepts your kill.
Training target 3.0 for Maces & Flails reached!
Training target 7.0 for Fire Magic reached!
Your Maces & Flails skill increases to level 3!
Your Fire Magic skill increases to level 7!
Your Invocations skill increases to level 3! 😎 MP[-4]
You lost 4 mp, and now have 10/22 mp.
You start resting. 😎 MP[+12]
Your mp is fully restored (22).
Found a stone staircase leading up.
Something hits you!
Deactivating autopickup; reactivate with Ctrl-A. 😕 HP[-10]
You take 10 damage, and now have 35/45 hp.
MASSIVE DAMAGE!! (PAUSE)
You conjure some foxfire!
Something barely misses you. 😕 MP[-1]
You lost 1 mp, and now have 21/22 mp.
You conjure some foxfire!
The foxfire hits something but does no damage. x2
Something hits you but does no damage. 😕 MP[-1]
You lost 1 mp, and now have 20/22 mp.
You conjure some foxfire!
The foxfire hits something but does no damage.
The foxfire hits something.
Something hits you but does no damage.
The foxfire hits something. 😕 MP[-1]
You lost 1 mp, and now have 19/22 mp.
You conjure some foxfire!
The foxfire hits something.
Something hits you. 😮 HP[-4] MP[-1]
You take 4 damage, and now have 31/45 hp.
You lost 1 mp, and now have 18/22 mp.
You are too injured to fight recklessly!
You are too injured to fight recklessly!
Unknown command.
You are too injured to fight recklessly!
Casting: Foxfire (safe; 1% risk of failure)
Confirm with . or Enter, or press ? or * to list all spells.
You conjure some foxfire!
The foxfire hits something!
The foxfire hits something.
The foxfire hits something!
Something hits you. 😮 HP[-6] MP[-1]
You take 6 damage, and now have 25/45 hp.
You lost 1 mp, and now have 17/22 mp.
Casting: Foxfire (safe; 1% risk of failure)
Confirm with . or Enter, or press ? or * to list all spells.
You conjure some foxfire!
The foxfire hits something!
Something hits you. 😮 HP[-2]
You take 2 damage, and now have 23/45 hp.
The foxfire hits something.
Something hits you.
* * * LOW HITPOINT WARNING * * *
😨 HP[-3]
You take 3 damage, and now have 20/45 hp.
You miss something. Something barely misses you. Something hits you!
* * * LOW HITPOINT WARNING * * *
😱 HP[-10]
You take 10 damage, and now have 10/45 hp.
MASSIVE DAMAGE!! (PAUSE)
Casting: Foxfire (safe; 1% risk of failure)
Confirm with . or Enter, or press ? or * to list all spells.
Okay, then.
Something hits you!
* * * LOW HITPOINT WARNING * * *
😱 HP[-8] MP[+1]
You take 8 damage, and now have 2/45 hp.
Unknown command.
It was a potion of haste.
You feel yourself speed up. Something hits you.
You die...

Skill      XL: |  1  2  3  4  5  6  7  8  9 |
---------------+----------------------------+-----
Stealth        | 3 4 5 6 |  6.0
Conjurations   | 2 3 4 6 |  6.0
Spellcasting   | 4 5 6 7 |  7.8
Fire Magic     | 4 5 6 7 |  7.0
Translocations | 1 2 3 |  3.0
Maces & Flails | 1 2 3 |  3.0
Invocations    | 2 3 |  3.8
Dodging        | |  2.4

Action                   |  1- 3 |  4- 6 |  7- 9 || total
-------------------------+-------+-------+-------++-------
Melee: Unarmed           |     1 |       |       ||     1
       Club              |     4 |       |       ||     4
       Short sword       |     4 |       |       ||     4
       Falchion          |       |    31 |       ||    31
       War axe           |       |    19 |       ||    19
       Whip              |       |       |    11 ||    11
 Cast: Foxfire           |    72 |    74 |   141 ||   287
       Sticky Flame      |       |     3 |     1 ||     4
  Use: Scroll            |       |       |     6 ||     6
       Potion            |       |       |     1 ||     1
 Stab: Sleeping          |       |     7 |     1 ||     8
Armor: Robe              |     2 |    12 |     2 ||    16
Dodge: Dodged            |     6 |    44 |    17 ||    67
       Rpst.: Falchion   |       |     8 |       ||     8

Levels and vault maps discovered:
D:1:      dpeg_arrival_rhombus, layout_loops_cross,
          hellmonk_ecumenical_altar_pennies_from_heaven,
          amcnicky_mini_rare_corridor_liquid, minmay_distorted
D:2:      layout_basic, wad_orctagon
D:3:      layout_basic, uniq_purgy
D:4:      layout_basic, nzn_overflow_gifts_of_might_and_magic
D:5:      layout_basic, xom_redecorated, minmay_temple_entry_proselytizer,
          skrybe_limestone_x, uniq_prince_ribbit1, uniq_sigmund
D:6:      layout_cave_pools, kennysheep_little_box, serial_shops,
          nicolae_diamond_shop, nicolae_specific_store,
          chequers_serial_rivers_room_a

Notes
Turn   | Place    | Note
-------+----------+-------------------------------------------
     0 | D:1      | Sobieck the Deep Elf Fire Elementalist began the quest for
                  | the Orb.
     0 | D:1      | Reached XP level 1. HP: 10/10 MP: 6/6
     0 | D:1      | magus.rc [v1.9.6]
   232 | D:1      | Reached XP level 2. HP: 15/15 MP: 4/8
   387 | D:1      | Reached skill level 3 in Stealth
   556 | D:1      | Reached XP level 3. HP: 19/19 MP: 5/10
   781 | D:1      | Reached skill level 2 in Conjurations
  1019 | D:1      | Found a faded altar of an unknown god.
  1716 | D:2      | Reached skill level 4 in Spellcasting
  1716 | D:2      | Reached XP level 4. HP: 24/24 MP: 7/12
  1788 | D:2      | Learned a level 4 spell: Sticky Flame
  2278 | D:3      | Reached skill level 4 in Fire Magic
  2616 | D:3      | Noticed Purgy
  2622 | D:3      | Killed Purgy
  2623 | D:3      | Reached skill level 4 in Stealth
  2623 | D:3      | Reached XP level 5. HP: 28/28 MP: 6/13
  3153 | D:3      | Reached skill level 3 in Conjurations
  3287 | D:3      | magus.rc [v1.9.6]
  3747 | D:5      | Entered Level 5 of the Dungeon
  3823 | D:4      | HP: 6/28 [orc wizard (2)]
  4090 | D:4      | You pick up a book of Power and begin reading...
  4090 | D:4      | You add the spells Iskenderun's Battlesphere, Iron Shot and
                  | Spellforged Servitor to your library.
  4162 | D:4      | Noticed Duvessa
  4169 | D:4      | Killed Duvessa
  4170 | D:4      | Reached skill level 5 in Spellcasting
  4170 | D:4      | Reached XP level 6. HP: 32/32 MP: 8/15
  4220 | D:4      | Found a bloodstained altar of Trog.
  4225 | D:4      | Noticed Dowan
  4229 | D:4      | Killed Dowan
  4230 | D:4      | Reached skill level 5 in Stealth
  4230 | D:4      | Reached skill level 4 in Conjurations
  4230 | D:4      | Reached skill level 5 in Fire Magic
  4256 | D:4      | Found a shimmering blue altar of Sif Muna.
  4260 | D:4      | Got Sif Muna's Reference Book on the Compass
  4262 | D:4      | Became a worshipper of Sif Muna the Loreminder
  4505 | D:4      | Learned a level 2 spell: Blink
  4872 | D:5      | Noticed Sigmund
  4879 | D:4      | Reached skill level 1 in Translocations
  4879 | D:4      | Reached XP level 7. HP: 19/36 MP: 11/17
  5177 | D:5      | Identified the +9 whip of the Ghost {flame, Str+3}
  5521 | D:5      | Identified the +0 pair of boots "Ugaff" {Int+6}
  5551 | D:5      | Reached skill level 2 in Translocations
  5613 | D:5      | Reached skill level 1 in Maces & Flails
  5653 | D:5      | Noticed Prince Ribbit
  5663 | D:5      | Killed Prince Ribbit
  5664 | D:5      | Reached skill level 6 in Stealth
  5664 | D:5      | Reached skill level 6 in Spellcasting
  5664 | D:5      | Reached XP level 8. HP: 41/41 MP: 12/19
  5729 | D:5      | Reached skill level 5 in Conjurations
  5729 | D:5      | Reached skill level 3 in Translocations
  5735 | D:5      | Reached skill level 6 in Fire Magic
  5885 | D:5      | Reached * piety under Sif Muna
  6003 | D:5      | Found a shimmering altar of Xom.
  6009 | D:5      | Found a shimmering altar of Xom.
  6012 | D:5      | Found a shimmering altar of Xom.
  6053 | D:5      | You pick up a book of Debilitation and begin reading...
  6053 | D:5      | You add the spells Slow, Vampiric Draining and Confusing
                  | Touch to your library.
  6132 | D:5      | Reached skill level 2 in Maces & Flails
  6132 | D:5      | Reached skill level 1 in Invocations
  6165 | D:5      | Found a staircase to the Ecumenical Temple.
  6305 | D:5      | Killed Sigmund
  6557 | D:6      | Reached skill level 7 in Spellcasting
  6557 | D:6      | Reached skill level 2 in Invocations
  6715 | D:6      | Found a basalt altar of Yredelemnul.
  6736 | D:6      | Reached skill level 6 in Conjurations
  6832 | D:6      | Identified the +8 longbow of Rotten Prudence {vorpal,
                  | Str+3}
  6934 | D:6      | Found Jaqamp's General Store.
  6945 | D:6      | Reached XP level 9. HP: 25/45 MP: 16/22
  6946 | D:6      | Found Valis's Specific Store.
  7156 | D:6      | Found Okiosoel's Antique Armour Emporium.
  7163 | D:6      | Bought a pair of embroidered gloves for 217 gold pieces
  7244 | D:6      | Reached skill level 3 in Maces & Flails
  7244 | D:6      | Reached skill level 7 in Fire Magic
  7244 | D:6      | Reached skill level 3 in Invocations
  7330 | D:6      | HP: 10/45 [something (10)]
  7332 | D:6      | HP: 2/45 [something (9)]
  7334 | D:6      | Slain by an unseen horror

Vanquished Creatures
  Prince Ribbit (D:5)
  Sigmund (D:5)
  A water moccasin (D:6)
  Duvessa (D:4)
  Purgy (D:3)
  A black bear (D:5)
  An ogre (D:5)
  A necrophage (D:5)
  A centaur (D:6)
  Dowan (D:4)
  A water moccasin zombie (D:5)
  6 scorpions
  2 centaur zombies
  A jelly (D:6)
  3 orc priests (D:5)
  2 hounds
  A centaur skeleton (D:4)
  An iguana (D:5)
  3 orc wizards
  A killer bee zombie (D:6)
  A hound skeleton (D:4)
  A gnoll (D:1)
  2 howler monkey skeletons (D:5)
  4 adders
  An ufetubus (D:6)
  4 worms
  3 dart slugs
  16 orcs
  4 bats
  11 endoplasms
  8 goblins
  5 hobgoblins
  6 jackals
  8 kobolds
  3 quokkas
  6 ball pythons (D:1)
  3 frilled lizards
  3 rats
120 creatures vanquished.

Vanquished Creatures (others)
  480 foxfires
480 creatures vanquished.

Grand Total: 600 creatures vanquished

Table legend:
 A = Non-vault XP
 B = Vault XP
 C = Vault XP percentage of total XP
 D = Non-vault monster count
 E = Vault monster count
 F = Vault count percentage of total count
                 A         B        C        D         E       F
            +---------+---------+-------+---------+---------+-------
      Total |    2382 |     919 |  27.8 |     107 |      13 |  10.8
            +---------+---------+-------+---------+---------+-------
        D:1 |      58 |       6 |   9.4 |      26 |       3 |  10.3
        D:2 |      41 |      12 |  22.6 |      14 |       4 |  22.2
        D:3 |      32 |     128 |  80.0 |      16 |       1 |   5.9
        D:4 |     303 |     228 |  42.9 |      15 |       2 |  11.8
        D:5 |     916 |     545 |  37.3 |      22 |       3 |  12.0
        D:6 |    1032 |       0 |   0.0 |      14 |       0 |   0.0
            +---------+---------+-------+---------+---------+-------

Illustrated notes

Table legend:
 A = Kills in this place as a percentage of kills in entire the game.
 B = Kills by you in this place as a percentage of kills by you in the entire game.
 C = Kills by friends in this place as a percentage of kills by friends in the entire game.
 D = Other kills in this place as a percentage of other kills in the entire game.
 E = Experience gained in this place as a percentage of experience gained in the entire game.
 F = Experience gained in this place divided by the number of levels of this place that you have seen.
                   A       B       C       D       E      F
               +-------+-------+-------+-------+-------+----------------------
         Total | 100.0 | 100.0 |   N/A |   N/A | 100.0 | 550.2
       Dungeon | 100.0 | 100.0 |   N/A |   N/A | 100.0 | 550.2
               +-------+-------+-------+-------+-------+----------------------

Table legend: (Time is in decaauts)
 A = Elapsed time spent in this place.
 B = Non-inter-level travel time spent in this place.
 C = Inter-level travel time spent in this place.
 D = Time resting spent in this place.
 E = Time spent auto-exploring this place.
 F = Levels seen in this place.
 G = Mean time per level.
                   A        B        C        D        E       F      G
               +--------+--------+--------+--------+--------+-----+--------+
         Total |   7358 |   7120 |    238 |   1512 |   4691 |   6 | 1226.3 |
       Dungeon |   7358 |   7120 |    238 |   1512 |   4691 |   6 | 1226.3 |
               +--------+--------+--------+--------+--------+-----+--------+

Top non-repeatable levels by time:
     D:4: 1801 daAuts
     D:5: 1454 daAuts
     D:1: 1266 daAuts
     D:3: 1072 daAuts
     D:2: 974 daAuts
     D:6: 789 daAuts
